 Dungeon Crawl Stone Soup version 0.31-a0-1202-ga8fea8b373 (webtiles) character file.

Game seed: 918577203480809193

5421 Inarius the Cleaver (level 10, -15/79 HPs)
             Began as a Mummy Fighter on Dec 12, 2023.
             Was a Believer of Makhleb.
             Killed from afar by a ynoxinul (24 damage)
             ... with an iron shot
             ... summoned by a kobold demonologist
             ... on level 8 of the Dungeon.
             The game lasted 00:15:35 (9390 turns).

Inarius the Cleaver (Mummy Fighter)                 Turns: 9390, Time: 00:15:35

Health: -15/79     AC: 14    Str: 29    XL:     10   Next: 40%
Magic:  11/11      EV: 11    Int:  8    God:    Makhleb [**....]
Gold:   506        SH:  9    Dex: 12    Spells: 9/9 levels left

rFire   x . .        r - +1 hand axe (freeze)
rCold   + . .        A - +0 kite shield
rNeg    + + +        y - +0 plate armour
rPois   ∞            (no helmet)
rElec   .            t - +0 cloak
rCorr   .            (no gloves)
SInv    .            (no boots)
Will    +....        (no amulet) Stlth
                     u - +5 ring of evasion
HPRegen 0.33/turn    l - +6 ring of strength
MPRegen 0.12/turn

%: faith
@: about to teleport, spiked
A: cold resistance 1, negative energy resistance 3, torment resistance 2, heat
vulnerability 1, in touch with death 1, no potions, faith
a: Renounce Religion, Minor Destruction


You were on level 8 of the Dungeon.
You worshipped Makhleb.
Makhleb was pleased with you.
You visited 2 branches of the dungeon, and saw 10 of its levels.
You also visited: Sewer and Ossuary.

You collected 506 gold pieces.

Inventory:

Hand Weapons
 f - a +1 whip of venom
 r - a +1 hand axe of freezing (weapon)
 v - the +4 mace "Gaacoc" {flame, Str+4}
   (You found it on level 5 of the Dungeon)

   Str+4:     It affects your strength (+4).
Missiles
 z - a throwing net
Armour
 d - a +0 chain mail
 t - a +0 cloak (worn)
 y - a +0 plate armour (worn)
 A - a +0 kite shield (worn)
Jewellery
 k - a ring of protection from cold
 l - a +6 ring of strength (right hand)
 s - a +4 ring of protection
 u - a +5 ring of evasion (left hand)
Wands
 a - a wand of polymorph (2)
 e - a wand of roots (8)
 w - a wand of flame (43)
Scrolls
 b - 3 scrolls of vulnerability
 c - a scroll of torment {unknown}
 g - 3 scrolls of teleportation
 h - 2 scrolls of poison
 i - 4 scrolls of noise
 j - 3 scrolls of fear
 m - a scroll of fog
 n - a scroll of revelation {unknown}
 o - 3 scrolls of immolation
 p - 5 scrolls of amnesia
 q - 8 scrolls of enchant armour
 x - 2 scrolls of brand weapon {unknown}


   Skills:
 + Level 7.4 Fighting
 + Level 8.3 Axes
 + Level 7.2 Armour
 + Level 5.1 Shields
 * Level 1.3 Invocations
 + Level 1.6 Evocations


You had 9 spell levels left.
You didn't know any spells.
Your spell library contained the following spells:

 Spells                   Type           Power      Damage    Failure   Level
 Blink                    Tloc           0%         N/A       100%        2
 Cigotuvi's Dreadful Rot  Necr/Pois/Air  0%         N/A       100%        2
 Ignite Poison            Fire/Tmut/Pois 0%         N/A       100%        3
 Manifold Assault         Tloc           0%         N/A       100%        4
 Freezing Cloud           Conj/Ice/Air   0%         6-21      100%        5
 Summon Forest            Summ/Tloc      0%         N/A       100%        5
 Summon Mana Viper        Hex/Summ       0%         N/A       100%        5
 Summon Cactus Giant      Summ           0%         N/A       100%        6


Dungeon Overview and Level Annotations

Branches:
Dungeon (9/15)             Temple (1/1) D:7            Lair (0/5) D:8
  Sewer (visited)         Ossuary (visited)
    Orc: D:9-12

Altars:
Ashenzari
Dithmenos
Fedhas
Gozag
Hepliaklqana
Kikubaaqudgha
Makhleb
Nemelex Xobeh
Okawaru
Qazlal
Ru
Sif Muna
Trog
Uskayaw
Vehumet
Wu Jian
Xom
Yredelemnul

Shops:
D:4 *

Annotations:
D:6 3 runed translucent doors, hackum's ghost, novice OpGl


Innate Abilities, Weirdness & Mutations

You are immune to poison.
Your flesh is cold resistant. (rC+)
You are immune to negative energy. (rN+++)
You are immune to unholy pain and torment.
You are vulnerable to heat. (rF-)
You are in touch with the powers of death.
You do not drink.
You have a special connection with the divine. (Faith)


Message History

You slash the red devil! You freeze the red devil. You hit the ynoxinul.
You freeze the ynoxinul. You block the ynoxinul's attack.
The kobold demonologist hits you but does no damage.
The red devil hits you with a +2 demon trident of freezing!
* * * LOW HITPOINT WARNING * * *
Barbed spikes become lodged in your body.
You block the kobold demonologist's attack.
You closely miss the kobold demonologist.
The kobold demonologist is severely wounded.
You hit the red devil but do no damage. You closely miss the ynoxinul.
You barely miss the kobold demonologist.
The ynoxinul gestures at you. The iron shot hits you!
* * * LOW HITPOINT WARNING * * *
You block the kobold demonologist's attack.
You block the red devil's attack.
You block the kobold demonologist's attack.
You closely miss the kobold demonologist.
The kobold demonologist is severely wounded.
You hit the ynoxinul.
You barely miss the kobold demonologist.
You barely miss the red devil. The ynoxinul misses you.
You block the kobold demonologist's attack.
You block the red devil's attack.
The kobold demonologist casts a spell.
You closely miss the kobold demonologist.
The kobold demonologist is severely wounded.
You barely miss the red devil. You closely miss the ynoxinul.
You hit the kobold demonologist. You freeze the kobold demonologist.
The kobold demonologist hits you but does no damage.
The ynoxinul hits you but does no damage.
The red devil hits you with a +2 demon trident of freezing.
* * * LOW HITPOINT WARNING * * *
Barbed spikes become lodged in your body.
The kobold demonologist hits you but does no damage.
As you read the scroll of teleportation, it crumbles to dust.
You feel strangely unstable. The ynoxinul gestures at you.
The iron shot hits you!!
You die...

..............................###
[.###.##.###........>..)..#####
[.###.##.# #####..........#
......##.# ##..#.=....#
#[##...#.# ####.........##
..>..#...# #............#
..##...######.##.........#
##.##.........###4##.....#
#.############K@3##..#### ##.#
#K####.####### ..## #4# #.......#
)## #4# #######.# )## #.# #.###
#.### #.# #...# ##..###########.#
###=''### #.#.............#
#!......# .################
#.#####.#


You could see a hellwing (summoned), 2 kobold demonologists, a ynoxinul
(summoned) and 2 red devils.

Vanquished Creatures
  Pikel (D:6)
  A cane toad (D:9)
  Eustachio (D:6)
  3 water moccasins
  4 orc warriors
  2 black bears
  5 ogres
  A centaur (D:9)
  A crocodile (Sewer)
  2 wolves (D:7)
  A phantom (D:5)
  A lemure (D:7)
  A bullfrog (D:7)
  3 gnoll sergeants
  2 scorpions
  12 wights
  3 water moccasin zombies (Ossuary)
  3 killer bees (D:7)
  A howler monkey (D:6)
  A jelly (D:4)
  2 gnoll boudas (D:7)
  5 orc priests
  2 spectral scorpions (Ossuary)
  7 hounds
  3 sleepcaps
  6 iguanas
  6 orc wizards
  A bullfrog simulacrum (Ossuary)
  2 mummies (Ossuary)
  21 gnolls
  9 adders
  A river rat (D:6)
  2 ufetubi (D:4)
  An adder zombie (Ossuary)
  5 worms
  A dart slug (D:2)
  37 orcs
  6 ball pythons
  4 endoplasms (D:2)
  4 giant cockroaches
  3 goblins
  9 hobgoblins
  5 jackals
  4 quokkas
  7 bats
  9 frilled lizards
  3 gnoll zombies (Ossuary)
  6 hobgoblin zombies (Ossuary)
  18 kobolds
  5 kobold zombies (Ossuary)
  7 orc zombies (Ossuary)
  5 rats
255 creatures vanquished.

Vanquished Creatures (collateral kills)
  A gnoll sergeant (D:7)
  A killer bee (D:7)
2 creatures vanquished.

Vanquished Creatures (others)
  A killer bee (D:7)
  A shadow imp (D:5)
2 creatures vanquished.

Grand Total: 259 creatures vanquished

Notes
Turn   | Place    | Note
-------+----------+-------------------------------------------
     0 | D:1      | Inarius the Mummy Fighter began the quest for the Orb.
     0 | D:1      | Reached XP level 1. HP: 18/18 MP: 1/1
   217 | D:1      | Reached XP level 2. HP: 24/24 MP: 2/2
   783 | D:1      | Reached skill level 2 in Axes
   783 | D:1      | Reached XP level 3. HP: 18/29 MP: 3/3
   877 | D:2      | HP: 1/29 [gnoll/+0 flail (5)]
  1109 | D:2      | Reached XP level 4. HP: 24/35 MP: 4/4
  2136 | D:3      | Reached skill level 3 in Axes
  2136 | D:3      | Reached XP level 5. HP: 26/41 MP: 5/5
  2576 | D:3      | Found a faded altar of an unknown god.
  2723 | D:4      | Found Alodyb's Overcharged Wands.
  2844 | D:4      | Reached skill level 4 in Axes
  2844 | D:4      | Reached XP level 6. HP: 40/48 MP: 6/6
  3128 | D:4      | HP: 2/48 [ogre/+0 giant club (20)]
  3540 | D:5      | Entered Level 5 of the Dungeon
  3557 | D:4      | Reached XP level 7. HP: 6/55 MP: 7/7
  3943 | D:4      | Reached skill level 5 in Axes
  4305 | D:5      | Found an ornate altar of the Wu Jian Council.
  4322 | D:5      | Reached skill level 5 in Fighting
  4454 | D:5      | Found a hazy altar of Hepliaklqana.
  4542 | D:5      | Reached XP level 8. HP: 49/62 MP: 8/8
  4688 | D:5      | Reached skill level 6 in Axes
  4775 | D:5      | Identified the +4 mace "Gaacoc" {flame, Str+4}
  4780 | D:5      | Found a shimmering blue altar of Sif Muna.
  4788 | D:5      | Found a broken altar of Ashenzari.
  4800 | D:5      | Found a sparkling altar of Nemelex Xobeh.
  4806 | D:5      | Found a bloodstained altar of Trog.
  4814 | D:5      | Found a hide-covered altar of Uskayaw.
  4819 | D:5      | Found an opulent altar of Gozag.
  5214 | D:6      | Reached skill level 5 in Armour
  5385 | D:6      | Found a blossoming altar of Fedhas.
  5387 | D:6      | Found a stormy altar of Qazlal.
  5522 | D:6      | Found a glowing drain.
  5529 | Sewer    | Entered a sewer
  5741 | D:6      | Reached XP level 9. HP: 68/69 MP: 9/9
  5795 | D:6      | Found a runed translucent gate.
  5795 | D:6      | Found a runed translucent gate.
  5795 | D:6      | Found a runed translucent gate.
  5797 | D:6      | Noticed hackum's ghost (novice OpGl)
  5842 | D:6      | Noticed Eustachio
  5855 | D:6      | Killed Eustachio
  6123 | D:7      | Found a sand-covered staircase.
  6130 | Ossuary  | Entered an ossuary
  6176 | Ossuary  | Reached skill level 1 in Evocations
  6182 | Ossuary  | Reached skill level 7 in Axes
  6464 | D:7      | Found a staircase to the Ecumenical Temple.
  6484 | D:7      | Noticed Pikel
  6518 | D:6      | Killed Pikel
  6736 | Temple   | Entered the Ecumenical Temple
  6769 | Temple   | Became a worshipper of Makhleb the Destroyer
  7246 | D:7      | Reached XP level 10. HP: 59/79 MP: 10/10
  7578 | D:7      | Reached * piety under Makhleb
  7804 | D:8      | Noticed a death yak
  8170 | D:8      | Found a staircase to the Lair.
  8170 | D:8      | Noticed a death yak
  8182 | D:8      | Noticed a death yak
  8304 | D:8      | Reached skill level 8 in Axes
  8514 | D:8      | Found a radiant altar of Vehumet.
  8827 | D:9      | Noticed an elephant
  8831 | D:9      | an elephant changed into a cane toad
  8831 | D:9      | Noticed a cane toad
  8843 | D:9      | Killed a cane toad
  8844 | D:9      | Reached skill level 1 in Invocations
  8947 | D:9      | Reached skill level 5 in Shields
  9338 | D:9      | Reached ** piety under Makhleb
  9390 | D:8      | Killed from afar by a ynoxinul

Illustrated notes

Levels and vault maps discovered:
D:1:      scummos_arrival_star, layout_rooms, amethyst_killhole
D:2:      layout_basic, serial_park_tiny_1, minmay_goblin_kobold_house
D:3:      layout_rooms, basic_ecumenical_altar
D:4:      layout_gridville, nicolae_shop_overcharged_wands
D:5:      layout_rooms, nicolae_wu_jian_immortal_techniques,
          kennysheep_mini_moat, grunt_temple_overflow_octagram
D:6:      layout_rooms, grunt_temple_overflow_forces_of_nature,
          gup_sewer_entry_bubbles, ebering_ghost_rock_garden, chequers_jeans,
          uniq_eustachio
D:7:      layout_cave_pools, temple_pool_b, nicolae_ossuary_entry_plus,
          serial_gnoll_camp, gnoll_camp_mini_hut, gnoll_camp_mini_house,
          gnoll_camp_mini_doghouse, gnoll_camp_mini_hut,
          gnoll_camp_mini_sergeant, gnoll_camp_mini_house, uniq_pikel
D:8:      layout_loops_ring, mainiacjoe_overflow_alcove_4, dpeg_lair_monsters
D:9:      layout_roguey, serial_glass, glass_columns_c, glass_columns_a,
          glass_columns_b, glass_columns_a, nicolae_figureground_sparkle
Temple:   kb_temple_of_zot

Skill      XL: |  1  2  3  4  5  6  7  8  9 10 |
---------------+-------------------------------+-----
Axes           | 2 3 4 5 6 7 8 |  8.3
Armour         | 3 4 5 6 7 |  7.2
Fighting       | 4 5 6 7 |  7.4
Shields        | 3 4 5 |  5.1
Evocations     | 1 |  1.6
Invocations    | 1 |  1.3

Action                     |  1- 3 |  4- 6 |  7- 9 | 10-12 || total
---------------------------+-------+-------+-------+-------++-------
  Melee: War axe           |   118 |   104 |       |       ||   222
         Whip              |     6 |       |       |       ||     6
         Hand axe          |       |    77 |   286 |   234 ||   597
         Mace              |       |       |   195 |       ||   195
  Evoke: Wand              |       |     1 |     9 |     6 ||    16
    Use: Scroll            |       |       |     3 |     7 ||    10
 Armour: Chain mail        |    97 |   133 |   246 |       ||   476
         Scale mail        |     7 |       |       |       ||     7
         Plate armour      |       |       |   125 |   157 ||   282
  Dodge: Dodged            |    42 |    99 |   158 |    82 ||   381
  Block: Buckler           |    32 |    34 |    88 |       ||   154
         Kite shield       |       |       |       |   130 ||   130

Table legend: (Time is in decaauts)
 A = Elapsed time spent in this place.
 B = Non-inter-level travel time spent in this place.
 C = Inter-level travel time spent in this place.
 D = Time resting spent in this place.
 E = Time spent auto-exploring this place.
 F = Levels seen in this place.
 G = Mean time per level.
                   A        B        C        D        E       F      G
               +--------+--------+--------+--------+--------+-----+--------+
         Total |   9587 |   9245 |    342 |   2396 |   4163 |  12 |  798.9 |
       Dungeon |   9172 |   8888 |    284 |   2396 |   4072 |   9 | 1019.1 |
        Temple |     64 |      6 |     58 |      0 |      0 |   1 |   64.0 |
         Sewer |    159 |    159 |      0 |      0 |     89 |   1 |  159.0 |
       Ossuary |    191 |    191 |      0 |      0 |      2 |   1 |  191.0 |
               +--------+--------+--------+--------+--------+-----+--------+

Top non-repeatable levels by time:
     D:4: 1503 daAuts
     D:2: 1483 daAuts
     D:7: 1284 daAuts
     D:5: 1103 daAuts
     D:8: 1018 daAuts
     D:6: 980 daAuts
     D:1: 725 daAuts
     D:9: 565 daAuts
     D:3: 506 daAuts
 Ossuary: 191 daAuts
   Sewer: 159 daAuts
  Temple: 64 daAuts
